 Dungeon Crawl Stone Soup version 0.23.2-40-g277498a001 (webtiles) character file.

Game seed: 2059521273167766837

3971 Martska the Cleaver (level 10, -5/132 HPs)
             Began as a Minotaur Berserker on Sept 29, 2019.
             Was an Elder of Trog.
             Splashed by a jelly's acid (6 damage)
             ... on level 8 of the Dungeon.
             The game lasted 00:34:34 (8722 turns).

Martska the Cleaver (Minotaur Berserker)            Turns: 8722, Time: 00:34:37

Health: -5/132     AC: -1    Str: 28    XL:     10   Next: 2%
Magic:  9/9        EV:  9    Int:  4    God:    Trog [****..]
Gold:   420        SH:  0    Dex: 12    Spells: 9/9 levels left

rFire    . . .     SeeInvis .   a - +0 hand axe
rCold    . . .     Gourm    .   (no shield)
rNeg     . . .     Faith    .   f - +0 plate armour
rPois    .         Spirit   .   (helmet restricted)
rElec    .         Reflect  .   (no cloak)
rCorr    .         Harm     .   (no gloves)
MR       .....                  (no boots)
Stlth    ..........             (no amulet)
HPRegen  0.32/turn              (no ring)
MPRegen  0.11/turn              (no ring)

@: berserking, corroded, very quick
A: retaliatory headbutt, horns 2
a: Berserk, Trog's Hand, Brothers in Arms, Renounce Religion


You were on level 8 of the Dungeon.
You worshipped Trog.
Trog was greatly pleased with you.
You were full.

You visited 1 branch of the dungeon, and saw 8 of its levels.

You collected 420 gold pieces.

Inventory:

Hand Weapons
 a - a +0 hand axe (weapon)
 e - a +0 whip
 y - a +0 shortbow
 A - a +3 flail of draining
 G - a +0 giant spiked club
 M - a +2 dagger of distortion
Missiles
 d - 166 arrows
Armour
 b - a +0 animal skin
 f - a +0 plate armour (worn)
 N - a +2 robe of resistance
Jewellery
 s - an uncursed ring of see invisible {unknown}
 z - an uncursed ring of see invisible {unknown}
 F - a +4 ring of intelligence {unknown}
Wands
 r - a wand of iceblast (14)
 v - a wand of random effects (29)
 B - a wand of digging (7)
Scrolls
 h - 8 scrolls of identify {unknown}
 i - 5 scrolls of remove curse {unknown}
 j - 3 scrolls of amnesia {unknown}
 l - a scroll of immolation {unknown}
 p - 2 scrolls of enchant weapon {unknown}
 u - 4 scrolls of teleportation {unknown}
 x - a scroll of fear {unknown}
 C - 4 scrolls of fog {unknown}
 D - a scroll of magic mapping {unknown}
 E - a scroll of enchant armour {unknown}
 I - a scroll of noise {unknown}
 K - a scroll of silence {unknown}
Potions
 g - 3 potions of flight {unknown}
 k - a potion of agility {unknown}
 m - a potion of brilliance {unknown}
 n - 3 potions of curing {unknown}
 o - 2 potions of lignification {unknown}
 q - a potion of berserk rage {unknown}
 t - 2 potions of invisibility {unknown}
 w - a potion of haste {unknown}
 H - a potion of degeneration {unknown}
 J - 2 potions of heal wounds {unknown}
 L - a potion of cancellation {unknown}
Comestibles
 c - 6 rations


   Skills:
 + Level 7.7 Fighting
 + Level 11.8 Axes
 * Level 2.5 Bows
 + Level 10.2 Armour
 + Level 2.9 Dodging
 + Level 1.4 Stealth


You had 9 spell levels left.
You didn't know any spells.
Your spell library was empty.

Dungeon Overview and Level Annotations

Branches:
Dungeon (8/15)             Temple (0/1) D:4
   Lair: D:8-11

Altars:
Ashenzari
Fedhas
Gozag
Okawaru
Ru
Trog
Uskayaw
Vehumet
Xom
Yredelemnul
The Shining One

Shops:
D:6 %


Innate Abilities, Weirdness & Mutations

You reflexively headbutt those who attack you in melee.
You have a pair of horns on your head.


Message History

The jelly is lightly wounded.
The jelly hits you.
* * * LOW HITPOINT WARNING * * *
You are splashed with acid!
* * * LOW HITPOINT WARNING * * *
A red film seems to cover your vision as you go berserk!
You feel yourself moving faster!
You feel mighty!
You feel a lot less full. The jelly barely misses you.
You hit the jelly. The acid corrodes you!
Your hands burn!
* * * LOW HITPOINT WARNING * * *
The jelly is lightly wounded.
Okay, then.
Unknown command.
You hit the jelly.
Your hands burn!
* * * LOW HITPOINT WARNING * * *
The jelly is moderately wounded.
The jelly hits you.
* * * LOW HITPOINT WARNING * * *
You are splashed with acid.
You die...

###############
#...)))).......
#####.############
#.......# #...
###.#.....# #.##
#≈..#.....#######.#
##≈.#.#.#.......#.#
#J@....#.#####.#.#
#.'≈.#.###.#####.#.#
#...#..#..<......#.#.##
#####≈.##..#.###.#.#...
#≈......#.# #>####
#...#.#.#.# #.....
#...#.#.#.. ######
#####.#.### #
#.#...##########


You could see a jelly.

Vanquished Creatures
  A two-headed ogre (D:8)
  Psyche (D:8)
  Grinder (D:3)
  Sigmund (D:3)
  A hungry ghost (D:7)
  Menkaure (D:5)
  Edmund (D:5)
  A water moccasin (D:5)
  Duvessa (D:5)
  An orc warrior (D:7)
  An ice beast (D:7)
  2 ogres
  2 phantoms
  2 centaurs
  A bullfrog (D:6)
  A scorpion (D:8)
  Dowan (D:5)
  3 crimson imps
  3 hounds (D:4)
  4 jellies
  2 orc wizards
  2 centaur skeletons
  2 bullfrog skeletons
  3 orc priests
  Ijyb (D:5)
  Natasha (thrice) (D:2)
  Terence (D:3)
  2 iguanas
  4 worker ants
  A killer bee zombie (D:7)
  4 hound zombies
  2 hound skeletons
  2 worker ant zombies (D:4)
  A howler monkey skeleton (D:4)
  9 adders
  A shadow imp (D:7)
  8 oozes
  2 adder zombies
  An adder skeleton (D:4)
  2 worms (D:2)
  6 leopard geckos
  14 orcs
  6 giant cockroaches
  2 gnoll zombies (D:5)
  6 hobgoblins
  14 kobolds
  3 quokkas
  A ball python (D:5)
  6 bats
  7 frilled lizards
  10 goblins
  A jackal zombie (D:4)
  2 leopard gecko skeletons
  A leopard gecko zombie (D:4)
  A quokka skeleton (D:4)
  2 quokka zombies
  6 rats
  A bush (D:4)
  3 withered plants (D:4)
175 creatures vanquished.

Notes
Turn   | Place    | Note
-------+----------+-------------------------------------------
     0 | D:1      | Martska the Minotaur Berserker began the quest for the Orb.
     0 | D:1      | Reached XP level 1. HP: 19/19 MP: 0/0
   229 | D:1      | Reached XP level 2. HP: 25/27 MP: 1/1
   268 | D:1      | Reached skill level 4 in Axes
   607 | D:1      | Reached XP level 3. HP: 32/33 MP: 2/2
   876 | D:2      | Reached ** piety under Trog
  1395 | D:2      | Noticed Natasha
  1418 | D:2      | Killed Natasha
  1418 | D:2      | Reached skill level 5 in Axes
  1418 | D:2      | Reached XP level 4. HP: 29/41 MP: 3/3
  1724 | D:2      | Noticed Natasha
  1730 | D:2      | Killed Natasha
  1741 | D:2      | Noticed Natasha
  1759 | D:2      | Killed Natasha
  1759 | D:2      | Reached XP level 5. HP: 41/47 MP: 4/4
  1801 | D:3      | Found a bloodstained altar of Trog.
  1801 | D:3      | Found an iron altar of Okawaru.
  1832 | D:3      | Found a sacrificial altar of Ru.
  2055 | D:3      | Noticed Grinder
  2058 | D:3      | Paralysed by Grinder for 2 turns
  2077 | D:3      | Killed Grinder
  2077 | D:3      | Reached skill level 5 in Fighting
  2077 | D:3      | Reached skill level 6 in Axes
  2077 | D:3      | Reached XP level 6. HP: 15/56 MP: 5/5
  2581 | D:3      | Noticed Sigmund
  2585 | D:3      | Reached *** piety under Trog
  2586 | D:3      | Reached skill level 5 in Armour
  2622 | D:3      | Killed Sigmund
  2622 | D:3      | Reached skill level 7 in Axes
  2622 | D:3      | Reached XP level 7. HP: 25/62 MP: 6/6
  2924 | D:3      | Noticed Terence
  2930 | D:3      | Killed Terence
  3185 | D:3      | Found an opulent altar of Gozag.
  3346 | D:4      | Found a shimmering altar of Xom.
  3352 | D:4      | Reached skill level 1 in Stealth
  3438 | D:4      | Found a shattered altar of Ashenzari.
  3475 | D:4      | Reached skill level 8 in Axes
  3579 | D:4      | Found a staircase to the Ecumenical Temple.
  4183 | D:5      | Entered Level 5 of the Dungeon
  4195 | D:5      | Reached XP level 8. HP: 63/70 MP: 7/7
  4213 | D:5      | Noticed Dowan
  4215 | D:5      | Noticed Duvessa
  4218 | D:5      | Killed Dowan
  4223 | D:5      | Killed Duvessa
  4355 | D:5      | Reached skill level 9 in Axes
  4383 | D:5      | Noticed Menkaure
  4389 | D:5      | Killed Menkaure
  4632 | D:5      | Reached **** piety under Trog
  4639 | D:5      | Found a basalt altar of Yredelemnul.
  5055 | D:5      | Noticed Ijyb
  5066 | D:5      | Noticed Edmund
  5070 | D:5      | Killed Ijyb
  5091 | D:5      | Killed Edmund
  6062 | D:6      | Reached skill level 10 in Axes
  6086 | D:6      | Reached XP level 9. HP: 37/78 MP: 8/8
  6495 | D:6      | Found Eggutzoj's Food Shop.
  6663 | D:6      | Found a hide-covered altar of Uskayaw.
  6666 | D:6      | Found a blossoming altar of Fedhas.
  6669 | D:6      | Found a glowing golden altar of the Shining One.
  6672 | D:6      | Found a radiant altar of Vehumet.
  7189 | D:7      | Reached skill level 11 in Axes
  8155 | D:8      | Noticed Psyche
  8197 | D:8      | Killed Psyche
  8197 | D:8      | Reached skill level 1 in Bows
  8477 | D:8      | Noticed a two-headed ogre
  8485 | D:8      | Killed a two-headed ogre
  8485 | D:8      | Reached skill level 10 in Armour
  8672 | D:8      | Reached XP level 10. HP: 88/88 MP: 9/9
  8719 | D:8      | HP: 3/88 [acid (9)]
  8722 | D:8      | HP: 1/132 [jelly (3)]
  8722 | D:8      | Splashed by a jelly's acid

Skill      XL: |  1  2  3  4  5  6  7  8  9 |
---------------+----------------------------+-----
Axes           | 4 5 6 7 8 10 11 | 11.8
Fighting       | 4 5 6 7 |  7.7
Armour         | 3 4 5 6 8 10 | 10.2
Stealth        | 1 |  1.4
Bows           | 2 |  2.5
Dodging        | |  2.9

Action                   |  1- 3 |  4- 6 |  7- 9 | 10-12 || total
-------------------------+-------+-------+-------+-------++-------
Melee: Hand axe          |   127 |    76 |   444 |    47 ||   694
       Headbutt          |    10 |    12 |   118 |    17 ||   157
Invok: Trog's Hand       |     2 |     1 |     2 |     1 ||     6
       Berserk           |       |     2 |     6 |     1 ||     9
  Eat: Ration            |       |     3 |     9 |       ||    12
Armor: Plate armour      |    83 |    50 |   189 |     5 ||   327
Dodge: Dodged            |    60 |    24 |   112 |    12 ||   208
